 Dungeon Crawl Stone Soup version 0.30.1-11-g7821555f0a (webtiles) character file.

Game seed: 10032358479691787269

10460 Ijustatesigmund the Thaumaturge (level 11, 0/64 HPs)
             Began as a Deep Elf Earth Elementalist on Dec 8, 2023.
             Was a Priest of Vehumet.
             Slain by a phantasmal warrior (32 damage)
             ... led by a death knight
             ... on level 11 of the Dungeon on Dec 11, 2023.
             The game lasted 00:26:27 (12293 turns).

Ijustatesigmund the Thaumaturge (DEEE)             Turns: 12293, Time: 00:26:29

Health: 0/64       AC: 12    Str:  5    XL:     11   Next: 36%
Magic:  25/30      EV: 13    Int: 25    God:    Vehumet [***...]
Gold:   480        SH:  0    Dex: 15    Spells: 32/36 levels left

rFire   + . .        n - +3 short sword
rCold   . . .        (no shield)
rNeg    . . .        a - +0 steam dragon scales
rPois   .            (no helmet)
rElec   .            B - +0 cloak {rF+}
rCorr   .            r - +1 pair of gloves
SInv    +            (no boots)
Will    .....        u - amulet of magic regeneration
Stlth   ++           x - +4 ring of protection
HPRegen 0.30/turn    h - ring of see invisible
MPRegen 0.62/turn

%: no passive effects
@: weak-willed
A: no striking features
a: Renounce Religion


You were on level 11 of the Dungeon.
You worshipped Vehumet.
Vehumet was most pleased with you.
You visited 2 branches of the dungeon, and saw 12 of its levels.

You collected 629 gold pieces.
You spent 149 gold pieces at shops.

Inventory:

Hand Weapons
 d - a +2 short sword of venom
 n - a +3 short sword (weapon)
 t - the +8 dagger of the Well-Known Seas {antimagic, rF++ Int+4}
   (You found it on level 2 of the Dungeon)

   Int:       It affects your intelligence (+4).
   rF:        It greatly protects you from fire.
Armour
 a - +0 steam dragon scales (worn)
 r - a +1 pair of gloves (worn)
 B - a +0 cloak of fire resistance (worn)
Jewellery
 g - a ring of protection from fire
 h - a ring of see invisible (right hand)
 u - an amulet of magic regeneration (around neck)
 x - a +4 ring of protection (left hand)
 C - a ring of protection from cold
 H - an amulet of regeneration
Wands
 s - a wand of iceblast (8)
 v - a wand of digging (3)
 G - a wand of flame (37)
 J - a wand of mindburst (8)
 K - a wand of light (6)
 N - a wand of polymorph (13)
Scrolls
 c - 3 scrolls of teleportation
 f - a scroll of vulnerability {unknown}
 i - 2 scrolls of immolation
 l - 2 scrolls of identify
 m - a scroll of poison
 o - a scroll of enchant weapon
 p - 2 scrolls of butterflies {unknown}
 y - a scroll of torment
 z - 2 scrolls of fear
 A - a scroll of fog
 D - a scroll of enchant armour {unknown}
 E - a scroll of brand weapon {unknown}
 F - 2 scrolls of noise
 I - a scroll of magic mapping {unknown}
 O - 4 scrolls of silence
Potions
 b - a potion of magic
 e - 3 potions of might
 j - 4 potions of haste
 k - 4 potions of curing
 q - a potion of cancellation
 w - 4 potions of attraction
 L - 2 potions of resistance
 M - 5 potions of lignification
 P - a potion of flight
 Q - a potion of mutation


   Skills:
 - Level 5.2 Fighting
 - Level 2.4 Short Blades
 - Level 4.0 Dodging
 - Level 2.4 Stealth
 + Level 13.1 Spellcasting
 + Level 11.6 Conjurations
 - Level 1.1 Transmutations
 + Level 11.3 Earth Magic
 - Level 2.0 Evocations


You had 32 spell levels left.
You knew the following spells:

 Your Spells              Type           Power      Damage    Failure   Level
a - Sandblast             Erth           100%       2d20      1%          1
b - Stone Arrow           Conj/Erth      100%       3d13      1%          3

Your spell library contained the following spells:

 Spells                   Type           Power      Damage    Failure   Level
 Flame Wave               Conj/Fire      45%        2d12      1%          4
 Magic Dart               Conj           100%       1d8       1%          1
 Passwall                 Tmut/Erth      39%        N/A       1%          2
 Searing Ray              Conj           100%       2d8       1%          2
 Fulminant Prism          Conj/Hex       22%        3d12      1%          4
 Beastly Appendage        Tmut           42%        N/A       2%          1
 Petrify                  Tmut/Erth      47%        N/A       2%          4
 Apportation              Tloc           32%        N/A       3%          1
 Wereblood                Tmut           21%        N/A       3%          2
 Leda's Liquefaction      Hex/Erth       22%        N/A       3%          4
 Spider Form              Tmut/Pois      19%        N/A       9%          3
 Call Canine Familiar     Summ           16%        N/A       11%         3
 Portal Projectile        Hex/Tloc       32%        N/A       11%         3
 Alistair's Intoxication  Tmut/Pois      12%        N/A       61%         5


Dungeon Overview and Level Annotations

Branches:
Dungeon (11/15)            Temple (1/1) D:5            Lair (0/5) D:8
    Orc (0/2) D:9

Altars:
Ashenzari
Cheibriados
Dithmenos
Elyvilon
Fedhas
Gozag
Hepliaklqana
Kikubaaqudgha
Makhleb
Nemelex Xobeh
Okawaru
Qazlal
Ru
Sif Muna
Trog
Uskayaw
Vehumet
Wu Jian
Xom
Yredelemnul
Zin
The Shining One

Shops:
D:1 (   D:5 *

Portals:
Abyss: D:9

Annotations:
D:6 3 runed translucent doors, Ivernyr's ghost, novice FoFi
D:9 1 transporter, tykejmi's ghost, novice HOFi


Message History

A goblin comes into view. It is carrying a wand of flame (13).
Casting: Stone Arrow (safe; 1% risk of failure)
Confirm with . or Enter, or press ? or * to list all spells.
You can't see any susceptible monsters within range! (Use Z to cast anyway.)
The goblin shouts!
The goblin zaps a wand.
The puff of flame hits you. You resist.
Casting: Stone Arrow (safe; 1% risk of failure)
Confirm with . or Enter, or press ? or * to list all spells.
Aiming: Stone Arrow (safe; 1% risk of failure)
Press: ? - help, Shift-Dir - straight line, f - goblin
Aim: a goblin, carrying a wand of flame (12) (72% to hit)
The stone arrow hits the goblin!!
You kill the goblin!
Vehumet accepts your kill.
HP restored.
There is a radiant altar of Vehumet here.
G - a wand of flame (37) (gained 12 charges)
You see here a goblin corpse.
A skeletal warrior and a phantasmal warrior come into view.
Okay, then.
The phantasmal warrior gestures at you.
The phantasmal warrior blinks!
The phantasmal warrior hits you.
Your willpower is stripped away!
Casting: Stone Arrow (safe; 1% risk of failure)
Confirm with . or Enter, or press ? or * to list all spells.
Aiming: Stone Arrow (safe; 1% risk of failure)
Press: ? - help, Shift-Dir - straight line, f - phantasmal warrior
Aim: a phantasmal warrior (78% to hit)
The stone arrow misses the phantasmal warrior.
The phantasmal warrior hits you!!
Casting: Stone Arrow (safe; 1% risk of failure)
Confirm with . or Enter, or press ? or * to list all spells.
Aiming: Stone Arrow (safe; 1% risk of failure)
Press: ? - help, Shift-Dir - straight line, f/p - phantasmal warrior
Aim: a phantasmal warrior (78% to hit)
The stone arrow hits the phantasmal warrior!
The phantasmal warrior is lightly damaged.
The phantasmal warrior hits you!!
Ouch! That really hurt!
You die...

##....#......#...#
.#....#....###...# .
....)............# ..
...#.#.......#...# ..z
##...........#...# ...
...#.#.......#...## ..
.................(####.#
..##.....~.....W.......#
####.#####......@......#
#.# #....###......# #.#
##...# #......#
####.######...# #......#
...#.#........# #......#
####.######...#
######... #.# #...# ....
#.# #.### ....
#.######.#


You could see a phantasmal warrior.

Vanquished Creatures
  Erica (D:8)
  2 two-headed ogres
  A boulder beetle (D:9)
  A cyclops (D:9)
  Maggie (D:7)
  Grinder (D:3)
  Sigmund (D:5)
  A shadow (D:9)
  9 yaks
  A wyvern (D:10)
  Grum (D:8)
  Menkaure (D:4)
  3 water moccasins
  Duvessa (D:7)
  An ice beast (D:5)
  2 sky beasts (D:6)
  2 black bears
  4 wolves (D:8)
  A centaur (D:9)
  3 phantoms
  3 kobold brigands
  2 bullfrogs
  A gnoll sergeant (D:8)
  3 scorpions
  14 wights
  Dowan (D:7)
  2 troll zombies (D:9)
  4 howler monkeys
  A gnoll bouda (D:8)
  6 hounds
  4 orc priests
  A sleepcap (D:8)
  5 iguanas
  9 orc wizards
  6 ogre zombies (D:9)
  13 gnolls
  8 adders
  4 white imps
  2 ufetubi
  3 dart slugs
  31 orcs
  5 ball pythons
  12 bats
  11 endoplasms
  4 giant cockroaches
  5 hobgoblins
  14 jackals
  19 kobolds
  2 quokkas
  A frilled lizard (D:1)
  13 goblins
  A goblin skeleton (D:9)
  4 goblin zombies (D:9)
  3 hobgoblin skeletons (D:9)
  5 hobgoblin zombies (D:9)
  An orc skeleton (D:9)
  11 orc zombies (D:9)
  5 rats
277 creatures vanquished.

Notes
Turn   | Place    | Note
-------+----------+-------------------------------------------
     0 | D:1      | Ijustatesigmund the Deep Elf Earth Elementalist began the
                  | quest for the Orb.
     0 | D:1      | Reached XP level 1. HP: 10/10 MP: 6/6
    59 | D:1      | Reached XP level 2. HP: 14/16 MP: 0/8
   402 | D:1      | Reached skill level 1 in Fighting
   513 | D:1      | Reached XP level 3. HP: 20/20 MP: 8/10
   517 | D:1      | Learned a level 3 spell: Stone Arrow
   640 | D:1      | Found Gofam's Weapon Shoppe.
   668 | D:1      | Found a faded altar of an unknown god.
  1262 | D:2      | Identified the +8 dagger of the Well-Known Seas {antimagic,
                  | rF++ Int+4}
  1298 | D:2      | Reached skill level 1 in Conjurations
  1337 | D:2      | Reached skill level 4 in Spellcasting
  1758 | D:3      | Reached XP level 4. HP: 18/25 MP: 8/12
  2131 | D:3      | Reached XP level 5. HP: 29/29 MP: 5/13
  2467 | D:3      | Noticed Grinder
  2476 | D:3      | Killed Grinder
  2477 | D:3      | Reached skill level 5 in Spellcasting
  2477 | D:3      | Reached XP level 6. HP: 14/34 MP: 1/15
  2942 | D:3      | Reached skill level 5 in Earth Magic
  3229 | D:4      | Noticed Menkaure
  3238 | D:4      | Killed Menkaure
  3343 | D:4      | Reached XP level 7. HP: 36/38 MP: 1/17
  3827 | D:4      | Reached skill level 5 in Conjurations
  4169 | D:4      | Found a hide-covered altar of Uskayaw.
  4307 | D:5      | Entered Level 5 of the Dungeon
  4307 | D:5      | Noticed Sigmund
  4312 | D:5      | Killed Sigmund
  4313 | D:5      | Reached skill level 6 in Spellcasting
  4630 | D:5      | Found a shimmering blue altar of Sif Muna.
  4702 | D:5      | Found Fottuoce's Fire Supplies.
  4728 | D:5      | Bought a +0 cloak of fire resistance for 149 gold pieces
  4774 | D:5      | Reached XP level 8. HP: 43/43 MP: 18/20
  5027 | D:5      | Reached skill level 5 in Fighting
  5027 | D:5      | Reached skill level 10 in Spellcasting
  5027 | D:5      | Reached XP level 9. HP: 54/54 MP: 20/25
  5126 | D:5      | Found a staircase to the Ecumenical Temple.
  5135 | Temple   | Entered the Ecumenical Temple
  5164 | Temple   | Became a worshipper of Vehumet
  5206 | D:5      | Reached skill level 1 in Short Blades
  5818 | D:6      | Found a runed translucent gate.
  5819 | D:6      | Found a runed translucent gate.
  5820 | D:6      | Found a runed translucent gate.
  5824 | D:6      | Reached skill level 1 in Evocations
  5849 | D:6      | Noticed Ivernyr's ghost (novice FoFi)
  5870 | D:6      | Reached * piety under Vehumet
  5870 | D:6      | Offered knowledge of Kiss of Death by Vehumet.
  5935 | D:6      | Found a blossoming altar of Fedhas.
  6882 | D:7      | Reached skill level 11 in Spellcasting
  6906 | D:7      | Noticed Maggie
  6911 | D:7      | Killed Maggie
  6912 | D:7      | Reached XP level 10. HP: 37/59 MP: 19/27
  6913 | D:7      | Reached skill level 10 in Conjurations
  7098 | D:7      | Identified the +1 leather armour "Innypsu" {rElec}
  7268 | D:7      | Noticed Duvessa
  7285 | D:7      | Noticed Dowan
  7288 | D:7      | Killed Duvessa
  7290 | D:7      | Killed Dowan
  7338 | D:7      | Reached ** piety under Vehumet
  7385 | D:7      | Offered knowledge of Magic Dart by Vehumet.
  7559 | D:7      | Identified the -2 barding "Xulunk" {Will++}
  7733 | D:8      | Found a broken altar of Ashenzari.
  7999 | D:8      | Found a basalt altar of Yredelemnul.
  8117 | D:8      | Found a glowing golden altar of the Shining One.
  8254 | D:8      | Noticed Grum
  8259 | D:8      | Reached skill level 10 in Earth Magic
  8265 | D:8      | Killed Grum
  8319 | D:8      | Noticed Erica
  8325 | D:8      | Killed Erica
  8619 | D:8      | Found a staircase to the Lair.
  9063 | D:9      | Found a transporter.
  9147 | D:9      | Noticed a boulder beetle
  9154 | D:9      | Killed a boulder beetle
  9155 | D:9      | Reached skill level 12 in Spellcasting
  9244 | D:9      | Noticed a two-headed ogre
  9249 | D:9      | Killed a two-headed ogre
  9456 | D:9      | Noticed a thrashing horror
  9457 | D:9      | Noticed a toenail golem
  9469 | D:9      | Noticed tykejmi's ghost (novice HOFi)
  9681 | D:9      | Found a staircase to the Orcish Mines.
  9718 | D:9      | Offered knowledge of Dazzling Flash by Vehumet.
  9804 | D:9      | Reached XP level 11. HP: 64/64 MP: 21/29
  9806 | D:9      | Reached *** piety under Vehumet
 10337 | D:9      | Found a one-way gate to the infinite horrors of the Abyss.
 10677 | D:9      | Noticed a rakshasa
 10832 | D:10     | Entered Level 10 of the Dungeon
 10843 | D:10     | Offered knowledge of Flame Wave by Vehumet.
 11608 | D:10     | Found an opulent altar of Gozag.
 12119 | D:11     | Noticed a two-headed ogre
 12124 | D:11     | Killed a two-headed ogre
 12125 | D:11     | Reached skill level 13 in Spellcasting
 12219 | D:11     | Found a radiant altar of Vehumet.
 12278 | D:11     | Noticed a skeletal warrior
 12278 | D:11     | Noticed a phantasmal warrior
 12293 | D:11     | Slain by a phantasmal warrior

Illustrated notes

Levels and vault maps discovered:
D:1:      scummos_arrival_star, layout_rooms, serial_shops, nicolae_shop_stone,
          dreamdust_ecumenical_altar_statues
D:2:      layout_loops_ring, minmay_3d_cube
D:3:      layout_basic, patterned_corridor, uniq_grinder
D:4:      layout_loops_corners, nicolae_uskayaw_suspiria, kennysheep_doodads,
          minmay_misc_feat_secret_circle, corner_web_ring,
          small_statue_intersection, minmay_box_of_dots, uniq_menkaure
D:5:      layout_rooms, nicolae_sif_muna_little_library,
          minmay_temple_entry_enclosed_plants, nicolae_shop_fire_sale
          [nicolae_sub_dead_trees], amcnicky_mini_pool_medium, uniq_sigmund
D:6:      layout_gridville, fedhas_ov_isle_minmay, ebering_ghost_rock_garden
D:7:      layout_loops_ring, minmay_increasing_density, uniq_maggie,
          uniq_duvessa
D:8:      layout_basic, tso_oasis_becter, mainiacjoe_overflow_cross_hatched,
          mainiacjoe_overflow_small_starburst, lair_entry_dummy, uniq_erica,
          uniq_grum
D:9:      layout_basic, zombieorc2_lemuel, gammafunk_ghost_abyssal_escape,
          minivault_16
D:10:     layout_basic, nicolae_gozag_seed_capital
D:11:     layout_basic, serial_co_window_serial, co_window_corner_a,
          co_window_cross_1, co_window_corner_a, co_window_corner_a,
          co_window_corner_a, co_window_broadway_a, co_window_cross_3,
          co_window_broadway_c, co_window_2corner, co_window_corner_ca,
          glass_columns_c, glass_columns_a, serial_park_tiny_2,
          vehumet_altar_wand_db
Temple:   hellmonk_temple_two_chambers

Skill      XL: |  1  2  3  4  5  6  7  8  9 10 11 |
---------------+----------------------------------+-----
Fighting       | 1 5 |  5.2
Earth Magic    | 4 5 6 9 10 11 | 11.3
Conjurations   | 1 2 4 6 9 10 11 | 11.6
Spellcasting   | 4 5 6 10 11 12 13 | 13.1
Short Blades   | 2 |  2.4
Dodging        | 4 |  4.0
Evocations     | 2 |  2.0
Stealth        | |  2.4
Transmutations | |  1.1

Action                     |  1- 3 |  4- 6 |  7- 9 | 10-12 || total
---------------------------+-------+-------+-------+-------++-------
  Melee: Unarmed           |     2 |       |       |       ||     2
         Short sword       |    19 |       |       |     6 ||    25
         Dagger            |     1 |     6 |       |       ||     7
         Punch             |       |       |       |     1 ||     1
   Cast: Sandblast         |    69 |    49 |    35 |    40 ||   193
         Stone Arrow       |       |     9 |    74 |   162 ||   245
  Evoke: Wand              |       |       |     1 |     2 ||     3
    Use: Scroll            |       |       |    14 |     9 ||    23
         Potion            |       |       |     1 |     2 ||     3
   Stab: Sleeping          |     1 |     1 |       |       ||     2
 Armour: Robe              |    19 |     7 |     8 |       ||    34
         Steam dragon scal |       |       |       |    10 ||    10
  Dodge: Dodged            |    40 |    18 |    13 |    35 ||   106
